 Dungeon Crawl Stone Soup version 0.21-a0-264-g3e31e41 (webtiles) character file.

107 JustSomeDude the Skirmisher (level 4, 34/37 HPs)
             Began as a Barachi Fighter on Mar 4, 2017.
             Quit the game on level 2 of the Dungeon on Oct 15, 2017.
             The game lasted 00:04:58 (1596 turns).

JustSomeDude the Skirmisher (Barachi Fighter)       Turns: 1596, Time: 00:04:58

Health: 34/37      AC:  7    Str: 16    XL:     4   Next: 85%
Magic:  4/4        EV:  5    Int:  8    God:
Gold:   139        SH: 13    Dex: 12    Spells: 3/3 levels left

rFire    . . .     SeeInvis .   a - +0 trident
rCold    . . .     Gourm    .   p - +0 large shield
rNeg     . . .     Faith    .   b - +0 scale mail
rPois    .         Spirit   .   (no helmet)
rElec    .         Reflect  .   (no cloak)
rCorr    .         Harm     .   (no gloves)
MR       .....                  (no boots)
Stlth    ..........             (no amulet)
HPRegen  0.12/turn              m - -2 ring of strength (curse)
MPRegen  0.09/turn              (no ring)

@: slow
A: +LOS, swims, slowness 1, strong legs 1
a: Hop


You were on level 2 of the Dungeon.
You were not hungry.

You visited 1 branch of the dungeon, and saw 2 of its levels.

You collected 139 gold pieces.

Inventory:

Hand Weapons
 a - a +0 trident (weapon)
Armour
 b - a +0 scale mail (worn)
 c - a +0 shield
 p - a +0 large shield (worn)
Jewellery
 m - a cursed -2 ring of strength (left hand)
Scrolls
 e - a scroll of amnesia {unknown}
 i - 2 scrolls of remove curse {unknown}
 j - 3 scrolls of teleportation {unknown}
 k - a scroll of blinking {unknown}
 n - a scroll of enchant weapon {unknown}
 r - a scroll of random uselessness {unknown}
 s - 2 scrolls of identify {unknown}
Potions
 d - 2 potions of might
 g - a potion of berserk rage {unknown}
 h - 3 potions of heal wounds {unknown}
 o - 3 potions of curing {unknown}
Comestibles
 f - 3 bread rations
 l - 3 chunks of flesh
 q - a fruit


   Skills:
 + Level 4.3 Fighting
 + Level 3.6 Polearms
 + Level 4.1 Armour
 + Level 0.7 Dodging
 + Level 3.7 Shields


You had 3 spell levels left.
You didn't know any spells.

Dungeon Overview and Level Annotations

Branches:
Dungeon (2/15)

Altars:
Ru
Vehumet


Innate Abilities, Weirdness & Mutations

Shadows flee at your approach. (+LOS)
You can swim through water.
You cover ground slowly.
You can hop short distances.


Message History

The adder is almost dead.
The adder bites you. You block the adder's attack.
You puncture the adder!
You kill the adder!
No target in view!
No target in view!
No target in view!
No target in view!
Okay, then.
You see here an adder corpse.
You butcher the adder corpse.
l - 3 chunks of flesh (gained 2) Unknown command.
Saving game... please wait.
Welcome back, JustSomeDude the Barachi Fighter.
Press ? for a list of commands and other information.
Welcome back, JustSomeDude the Barachi Fighter.
Press ? for a list of commands and other information.
Unknown command.
Are you sure you want to abandon this character and quit the game? (Confirm with "yes".)

#........#
###.#..#####.<.....
#.....#..#
#................
#........#
##.#######..###..
##.##.##.# #.#
#........#.( #
#.##.##.#
#.###.###..#....
....#.[.....# #.....#
#.......
#......###############
##.....#
#.####.........#...#
####### ##.######.@#
#.# #..# #.# ##.# .#.
##. . . #. .. . .# .(
. # ..


There were no monsters in sight!

Vanquished Creatures
  Robin (D:2)
  3 adders (D:2)
  An ooze (D:1)
  2 worms
  3 leopard geckos
  A ball python (D:1)
  4 bats
  3 giant cockroaches (D:2)
  16 goblins
  8 hobgoblins
  A quokka (D:2)
  A frilled lizard (D:2)
  7 kobolds
  2 rats
53 creatures vanquished.

Notes
Turn   | Place    | Note
-------+----------+-------------------------------------------
     0 | D:1      | JustSomeDude the Barachian Fighter began the quest for the Orb.
     0 | D:1      | Reached XP level 1. HP: 18/18 MP: 1/1
   109 | D:1      | Reached XP level 2. HP: 25/25 MP: 2/2
   381 | D:1      | Reached XP level 3. HP: 20/30 MP: 3/3
   864 | D:2      | Noticed Robin
   904 | D:2      | Killed Robin
   904 | D:2      | Reached XP level 4. HP: 20/37 MP: 4/4
   969 | D:2      | Found a radiant altar of Vehumet.
  1475 | D:2      | Found a sacrificial altar of Ru.
  1551 | D:2      | Upgraded the game from 0.20-a0-820-g557356e to 0.21-a0-41-g5e91fef
  1596 | D:2      | Upgraded the game from 0.21-a0-41-g5e91fef to 0.21-a0-264-g3e31e41
  1596 | D:2      | Quit the game

Vault maps used:
D:1:      lightli_arrival_flooded_house, serial_co_window_serial,
          co_window_paths_a, co_window_corner_a, co_window_paths_b,
          co_window_paths_b, co_window_of_opportunity_a, co_window_corner_b,
          co_window_of_opportunity_c, co_window_2corner, co_window_corner_ca,
          co_window_of_opportunity_b, co_window_4corner_a, co_window_4corner_b,
          glass_columns_a
D:2:      fiery_altar_vehumet, first_bread, nicolae_ru_path_of_blood, uniq_robin

Skill      XL: |  1  2  3 |
---------------+----------+-----
Fighting       | 4 |  4.3
Armour         | 4 |  4.1
Polearms       | 3 |  3.6
Dodging        | |  0.7
Shields        | |  3.7

Action                   |  1- 3 |  4- 6 || total
-------------------------+-------+-------++-------
Melee: Trident           |   140 |    53 ||   193
 Abil: Hop               |     2 |       ||     2
  Eat: Chunk             |       |     3 ||     3
Armor: Scale mail        |    46 |    22 ||    68
Dodge: Dodged            |    36 |     4 ||    40
Block: Shield            |    51 |     3 ||    54
       Large shield      |       |    21 ||    21

Table legend:
 A = Spawn XP
 B = Non-spawn XP
 C = Spawn XP percentage of total XP
 D = Spawn monster count
 E = Non-spawn monster count
 F = Spawn count percentage of total count
 G = Total turns spent on level
                    A         B        C        D         E        F      G
               +---------+---------+-------+---------+---------+-------+---------
         Total |       0 |       0 |   N/A |       0 |       0 |   N/A |     0
               +---------+---------+-------+---------+---------+-------+---------
               +---------+---------+-------+---------+---------+-------+---------
